Map: [ESL] Goldenaura

Players

Spatz - Winner!

  • Race: Protoss Protoss
  • Spawn Location: 12:00

Gerald

  • Race: Protoss Protoss
  • Spawn Location: 5:00

Event: ESL SC2 Masters 2024 Spring (Regional)

VOD

Have the link to the VOD?

Description

Time

  • Played on: April 12, 2024, 1:16 p.m.
  • Length: 9:22

All games in this series

Show
View Real Time Build Order
Export as new Build Order

Spatz Protoss - Winner!

Build Orders: Blink Stalkers 

Get SALT Encoding   

  12  0:00  Probe  
  13  0:12  Probe  
  14  0:17  Pylon  
  14  0:24  Probe (Chrono Boost)  
  16  0:36  Probe (Chrono Boost)  
  16  0:37  Gateway  
  16  0:43  Probe (Chrono Boost)  
  16  0:47  Assimilator  
  17  0:51  Probe  
  17  0:55  Assimilator  
  18  1:03  Probe (Chrono Boost)  
  19  1:08  Gateway  
  19  1:13  Probe (Chrono Boost)  
  19  1:18  Probe (Chrono Boost)  
  20  1:25  Cybernetics Core  
  21  1:29  Probe  
  22  1:38  Pylon  
  22  1:41  Probe  
  24  2:01  Adept x2  
  24  2:03  Warp Gate  
  24  2:07  Twilight Council  
  27  2:11  Probe  
  28  2:17  Pylon  
  28  2:35  Stalker  
  30  2:43  Blink (Chrono Boost)  
  30  2:48  Stalker  
  32  3:07  Shield Battery  
  31  3:15  Probe  
  30  3:27  Nexus, Probe  
  31  3:34  Robotics Facility  
  31  3:39  Probe  
  32  3:47  Pylon  
  32  3:51  Sentry x2, Probe  
  37  4:03  Probe  
  37  4:05  Shield Battery  
  38  4:15  Stalker x2, Probe (Chrono Boost)  
  43  4:18  Observer (Chrono Boost)  
  45  4:25  Probe (Chrono Boost)  
  45  4:35  Probe  
  46  4:39  Probe  
  46  4:42  Stalker x2  
  51  4:47  Probe  
  51  4:51  Probe  
  53  4:57  Immortal (Chrono Boost)  
  53  4:59  Probe  
  58  5:02  Observer  
  58  5:03  Probe  
  59  5:07  Pylon  
  59  5:11  Probe  
  60  5:15  Probe  
  61  5:23  Probe  
  61  5:28  Observer, Probe  
  61  5:29  Stalker x2  
  61  5:34  Immortal  
  69  5:38  Pylon  
  69  5:52  Nexus  
  69  5:58  Probe x2  
  71  6:08  Charge  
  71  6:09  Gateway  
  71  6:10  Probe x2, Gateway  
  71  6:15  Warp Prism (Chrono Boost)  
  71  6:22  Observer, Probe  
  71  6:23  Probe  
  68  6:34  Probe  
  69  6:42  Shield Battery  
  69  6:43  Probe  
  70  6:48  Gateway  
  70  6:50  Probe  
  70  6:51  Gateway  
  71  6:55  Probe  
  71  6:57  Gateway  
  71  7:00  Gateway  
  72  7:02  Probe  
  72  7:04  Probe  
  74  7:08  Probe  
  74  7:11  Zealot x2  
  74  7:12  Zealot  
  81  7:16  Zealot  
  81  7:17  Probe  
  81  7:20  Observer  
  84  7:24  Probe x2  
  84  7:29  Probe  
  87  7:34  Zealot x3  
  93  7:37  Pylon x2  
  93  7:53  Pylon  
  93  8:01  Zealot  
  93  8:02  Zealot x7  
  109  8:12  Probe  
  104  8:15  Observer (Chrono Boost)  
  104  8:19  Probe  
  94  8:20  Probe  
  94  8:23  Zealot x3  
  94  8:24  Zealot x4, Probe  
  102  8:32  Probe x2  
  98  8:40  Probe  
  93  8:42  Observer (Chrono Boost)  
  93  8:43  Zealot x3  
  93  8:44  Zealot x3  
  93  8:45  Assimilator  
  93  8:46  Assimilator  
  104  8:51  Pylon  
  104  8:52  Forge  
  104  8:54  Assimilator  
  102  8:55  Assimilator, Forge  
  102  8:56  Probe  
  102  9:01  Zealot x2  
Show
View Real Time Build Order
Export as new Build Order

Gerald Protoss 

Build Orders:  

Get SALT Encoding   

  12  0:00  Probe  
  13  0:12  Probe  
  14  0:17  Pylon  
  14  0:24  Probe (Chrono Boost)  
  16  0:37  Probe (Chrono Boost), Gateway  
  16  0:42  Probe (Chrono Boost)  
  16  0:46  Assimilator  
  17  0:51  Probe  
  17  0:54  Assimilator  
  18  1:03  Probe (Chrono Boost)  
  19  1:08  Gateway  
  19  1:12  Probe (Chrono Boost)  
  19  1:17  Probe (Chrono Boost)  
  20  1:25  Cybernetics Core  
  21  1:29  Probe  
  22  1:34  Pylon  
  22  1:42  Probe  
  23  1:54  Probe  
  24  2:01  Warp Gate, Stalker x2  
  26  2:06  Probe  
  29  2:10  Pylon  
  29  2:18  Probe  
  30  2:26  Robotics Facility  
  30  2:30  Probe  
  30  2:35  Shield Battery  
  31  2:42  Probe  
  32  2:54  Probe  
  32  2:56  Shield Battery  
  33  2:59  Sentry, Stalker  
  32  3:20  Probe  
  32  3:28  Nexus  
  33  3:34  Probe  
  33  3:43  Immortal (Chrono Boost)  
  33  3:48  Probe  
  38  3:55  Shield Battery  
  38  4:01  Pylon  
  38  4:04  Probe  
  39  4:19  Probe  
  40  4:26  Warp Prism (Chrono Boost)  
  40  4:31  Probe  
  43  4:35  Stalker  
  45  4:41  Probe (Chrono Boost)  
  45  4:43  Probe (Chrono Boost)  
  48  4:53  Observer, Twilight Council, Probe (Chrono Boost)  
  48  4:57  Probe (Chrono Boost)  
  50  5:00  Probe (Chrono Boost)  
  50  5:02  Probe (Chrono Boost)  
  50  5:03  Sentry  
  54  5:07  Probe  
  54  5:11  Probe  
  56  5:14  Gateway  
  56  5:19  Probe  
  57  5:28  Immortal (Chrono Boost), Probe  
  57  5:32  Blink  
  62  5:36  Pylon  
  62  5:54  Nexus  
  62  5:56  Pylon  
  63  5:58  Adept  
  63  6:00  Adept  
  66  6:09  Immortal  
  67  6:23  Probe  
  67  6:25  Probe  
  65  6:35  Probe  
  65  6:36  Assimilator  
  65  6:37  Probe  
  65  6:38  Forge  
  67  6:40  Stalker  
  67  6:44  Pylon  
  67  6:45  Assimilator  
  69  6:47  Probe  
  69  6:51  Pylon, Gateway  
  70  7:02  Probe x2  
  70  7:03  Dark Shrine  
  70  7:06  Observer (Chrono Boost), Probe  
  73  7:12  Adept  
  73  7:13  Adept  
  73  7:14  Probe x2  
  73  7:15  Adept  
  82  7:18  Probe  
  82  7:19  Shield Battery  
  83  7:26  Probe  
  83  7:27  Probe  
  83  7:32  Probe  
  80  7:38  Probe  
  80  7:39  Probe  
  80  7:41  Stalker  
  84  7:44  Probe  
  84  7:47  Robotics Bay  
  84  7:49  Robotics Facility  
  84  7:51  Probe  
  84  7:56  Sentry  
  84  7:57  Stalker x2  
  71  8:17  Zealot  
  62  8:21  Dark Templar  
  62  8:22  Stalker  
  62  8:25  Dark Templar  
  62  8:26  Probe x3  
  65  8:36  Pylon  
  65  8:38  Probe x3  
  64  8:43  Zealot  
  64  8:50  Probe x3  
  64  8:54  Pylon  
  71  8:59  Photon Cannon  
  71  9:01  Shield Battery  
  71  9:02  Photon Cannon, Probe x3  
  73  9:09  Zealot x2  
Tags
 
Add a new tag
Caveats
  • Supply blocks, unpowered buildings, or Contaminate may cause inaccurate times.
  • Supply counts are checked every 10 seconds.